NCAA
RUTGERS SCARLET KNIGHTS @ MICHIGAN STATE SPARTANS
04/09/2027
 
TOP OF THE 1ST
Rutgers Scarlet Knights batting - Pitching for Michigan State Spartans : LHP Martín Sandoval
Pitching: LHP Martín Sandoval
Batting: LHB Dave Watkins 0-0: Swinging Strike
0-1: Ball
1-1: Ground out 6-3 (Groundball, 6)
Batting: RHB Joe Roberts 0-0: Ball
1-0: Ball
2-0: Foul Ball, location: 2F
2-1: Ball
3-1: Fly out, F8 (Flyball, 8LD)
Batting: SHB Woody Stanley 0-0: Swinging Strike
0-1: Foul Ball, location: 2F
0-2: Ball
1-2: Ball
2-2: Foul Ball, location: 2F
2-2: Fly out, F9 (Line Drive, 89M)
Top of the 1st over - 0 run(s), 0 hit(s), 0 error(s), 0 left on base; Rutgers 0 - Michigan State 0
BOTTOM OF THE 1ST
Michigan State Spartans batting - Pitching for Rutgers Scarlet Knights : RHP Joel Cobb
Pitching: RHP Joel Cobb
Batting: RHB Spike Walters 0-0: Foul Ball, location: 2F
0-1: Ball
1-1: Foul Ball, location: 2F
1-2: Foul Ball, location: 2F
1-2: Ball
2-2: Foul Ball, location: 2F
2-2: DOUBLE (Line Drive, 9LS)
Batting: SHB Joe Emery 0-0: Ball
1-0: Called Strike
1-1: 2-RUN HOME RUN (Flyball, 89XD), Distance : 367 ft
Batting: LHB Cliff Mills 0-0: Ball
1-0: Foul Ball, location: 2F
1-1: Swinging Strike
1-2: Foul Ball, location: 2F
1-2: DOUBLE (Groundball, 5L)
Batting: RHB Ryan Nelson 0-0: Called Strike
0-1: Ball
1-1: Called Strike
1-2: Foul Ball, location: 2F
1-2: Ball
2-2: Ball
3-2: DOUBLE (Groundball, 5L)
Cliff Mills scores
Batting: LHB Gabriel Estrada 0-0: 2-RUN HOME RUN (Flyball, 8RXD), Distance : 384 ft
Batting: RHB Ryan Fullerton 0-0: SINGLE (Line Drive, 89S)
Batting: RHB Nelson Wright 0-0: Ball
1-0: Fly out, F7 (Flyball, 7S)
Batting: LHB Aaron Aguirre 0-0: Ball
1-0: Called Strike
1-1: Ball
2-1: Called Strike
2-2: Foul Ball, location: 2F
2-2: Foul Ball, location: 2F
2-2: Strikes out swinging
Batting: RHB Scott Juárez 0-0: Swinging Strike
0-1: Foul Ball, location: 2F
0-2: Ball
Ryan Fullerton is caught stealing 2nd base
Bottom of the 1st over - 5 run(s), 6 hit(s), 0 error(s), 0 left on base; Rutgers 0 - Michigan State 5
TOP OF THE 2ND
Rutgers Scarlet Knights batting - Pitching for Michigan State Spartans : LHP Martín Sandoval
Batting: LHB Carlos Hernández 0-0: Hit by Pitch
Batting: RHB Howard Battle 0-0: Ball
1-0: Ball
2-0: Called Strike
2-1: Foul Ball, location: 2F
2-2: Fly out, F8 (Flyball, 8RD)
Batting: RHB Jesús León 0-0: Called Strike
0-1: Ball
1-1: Called Strike
1-2: Ball
2-2: Fly out, F9 (Flyball, 9)
Batting: RHB Norm Gunn 0-0: Swinging Strike
0-1: Called Strike
0-2: Foul Ball, location: 2F
0-2: Foul Ball, location: 2F
0-2: Ball
1-2: Fly out, F8 (Line Drive, 8LM)
Top of the 2nd over - 0 run(s), 0 hit(s), 0 error(s), 1 left on base; Rutgers 0 - Michigan State 5
BOTTOM OF THE 2ND
Michigan State Spartans batting - Pitching for Rutgers Scarlet Knights : RHP Joel Cobb
Batting: RHB Scott Juárez 0-0: Called Strike
0-1: Ball
1-1: Foul Ball, location: 2F
1-2: Ground out 5-3 (Groundball, 5L)
Batting: RHB Spike Walters 0-0: Ball
1-0: Ball
2-0: Foul Ball, location: 2F
2-1: Ground out U3 (Groundball, 3)
Batting: SHB Joe Emery 0-0: Ball
1-0: Called Strike
1-1: SINGLE (Flyball, 89M)
Batting: LHB Cliff Mills 0-0: Ball
1-0: Ball
2-0: SINGLE (Flyball, 89S)
Joe Emery to second
Runner from 2nd tries for 3rd, SAFE, throw made to third
Cliff Mills to second
Batting: RHB Ryan Nelson 0-0: Ball
1-0: Fly out, F9 (Line Drive, 9)
Bottom of the 2nd over - 0 run(s), 2 hit(s), 0 error(s), 2 left on base; Rutgers 0 - Michigan State 5
TOP OF THE 3RD
Rutgers Scarlet Knights batting - Pitching for Michigan State Spartans : LHP Martín Sandoval
Batting: RHB Eric Green 0-0: Called Strike
0-1: Foul Ball, location: 2F
0-2: Fly out, F5 (Popup, 5L)
Batting: LHB Ryan Washington 0-0: Ball
1-0: Foul Ball, location: 2F
1-1: Ball
2-1: Foul Ball, location: 2F
2-2: Strikes out swinging
Batting: LHB Dave Watkins 0-0: Ball
1-0: Swinging Strike
1-1: Ball
2-1: Called Strike
2-2: Strikes out looking
Top of the 3rd over - 0 run(s), 0 hit(s), 0 error(s), 0 left on base; Rutgers 0 - Michigan State 5
BOTTOM OF THE 3RD
Michigan State Spartans batting - Pitching for Rutgers Scarlet Knights : RHP Joel Cobb
Batting: LHB Gabriel Estrada 0-0: Ball
1-0: Fly out, F8 (Flyball, 8LS)
Batting: RHB Ryan Fullerton 0-0: SINGLE (Flyball, 8RS)
Batting: RHB Nelson Wright 0-0: Called Strike
0-1: Foul Ball, location: 2F
0-2: Ball
1-2: Foul Ball, location: 2F
1-2: Foul Ball, location: 2F
1-2: Strikes out swinging
Batting: LHB Aaron Aguirre 0-0: Called Strike
0-1: Swinging Strike
0-2: Foul Ball, location: 2F
0-2: Strikes out swinging
Bottom of the 3rd over - 0 run(s), 1 hit(s), 0 error(s), 1 left on base; Rutgers 0 - Michigan State 5
TOP OF THE 4TH
Rutgers Scarlet Knights batting - Pitching for Michigan State Spartans : LHP Martín Sandoval
Batting: RHB Joe Roberts 0-0: Swinging Strike
0-1: Ball
1-1: Ball
2-1: Foul Ball, location: 2F
2-2: Foul Ball, location: 2F
2-2: Foul Ball, location: 2F
2-2: Strikes out swinging
Batting: SHB Woody Stanley 0-0: Ball
1-0: Called Strike
1-1: Fly out, F8 (Flyball, 8LM)
Batting: LHB Carlos Hernández 0-0: Swinging Strike
0-1: Foul Ball, location: 2F
0-2: Strikes out looking
Top of the 4th over - 0 run(s), 0 hit(s), 0 error(s), 0 left on base; Rutgers 0 - Michigan State 5
BOTTOM OF THE 4TH
Michigan State Spartans batting - Pitching for Rutgers Scarlet Knights : RHP Joel Cobb
Batting: RHB Scott Juárez 0-0: Ball
1-0: Ball
2-0: Foul Ball, location: 2F
2-1: SOLO HOME RUN (Flyball, 78XD), Distance : 374 ft
Pitching: RHP Billy Corbett
Batting: RHB Spike Walters 0-0: Ball
1-0: Ball
2-0: Ball
3-0: Called Strike
3-1: Fly out, F9 (Line Drive, 9)
Batting: SHB Joe Emery 0-0: Called Strike
0-1: Ball
1-1: Foul Ball, location: 2F
1-2: Ball
2-2: Ball
3-2: Base on Balls
Batting: LHB Cliff Mills 0-0: Called Strike
0-1: Called Strike
0-2: Strikes out swinging
Batting: RHB Ryan Nelson 0-0: Ball
1-0: Ball
Joe Emery steals 2nd base
2-0: Called Strike
2-1: Called Strike
2-2: Strikes out looking
Bottom of the 4th over - 1 run(s), 1 hit(s), 0 error(s), 1 left on base; Rutgers 0 - Michigan State 6
TOP OF THE 5TH
Rutgers Scarlet Knights batting - Pitching for Michigan State Spartans : LHP Martín Sandoval
Batting: RHB Howard Battle 0-0: Ball
1-0: Ball
2-0: Ground out 1-3 (Groundball, 15S)
Batting: RHB Jesús León 0-0: Ball
1-0: Swinging Strike
1-1: Ball
2-1: SINGLE (Line Drive, 7S)
Batting: RHB Norm Gunn 0-0: Foul Ball, location: 2F
0-1: Ball
1-1: Ball
2-1: Ball
3-1: Base on Balls
Jesús León to second
Batting: RHB Eric Green 0-0: Ball
1-0: Ball
2-0: Ball
3-0: Called Strike
3-1: Foul Ball, location: 2F
3-2: Foul Ball, location: 2F
3-2: Grounds into double play, 6-4-3 (Groundball, 6)
Top of the 5th over - 0 run(s), 1 hit(s), 0 error(s), 1 left on base; Rutgers 0 - Michigan State 6
BOTTOM OF THE 5TH
Michigan State Spartans batting - Pitching for Rutgers Scarlet Knights : RHP Billy Corbett
Batting: LHB Gabriel Estrada 0-0: Ball
1-0: Ball
2-0: Ball
3-0: Called Strike
3-1: Base on Balls
Batting: RHB Ryan Fullerton 0-0: Called Strike
Gabriel Estrada steals 2nd base
0-1: Ball
1-1: Swinging Strike
1-2: Fly out, F9 (Flyball, 9)
Runner from 2nd tags up, SAFE at 3rd with throw
Batting: RHB Nelson Wright 0-0: Ball
1-0: Fly out, F4 (Popup, 4D)
Batting: LHB Aaron Aguirre 0-0: Ball
1-0: Called Strike
1-1: Foul Ball, location: 2F
1-2: Ball
2-2: Fly out, F9 (Flyball, 89S)
Bottom of the 5th over - 0 run(s), 0 hit(s), 0 error(s), 1 left on base; Rutgers 0 - Michigan State 6
TOP OF THE 6TH
Rutgers Scarlet Knights batting - Pitching for Michigan State Spartans : LHP Martín Sandoval
Batting: LHB Ryan Washington 0-0: Ball
1-0: Foul Ball, location: 2F
1-1: Ground out 1-3 (Groundball, 15)
Batting: LHB Dave Watkins 0-0: Called Strike
0-1: Ball
1-1: Foul Ball, location: 2F
1-2: Ball
2-2: Ball
3-2: SINGLE (Flyball, 8LS)
Pitching: RHP Dan Clark
Batting: RHB Joe Roberts 0-0: Called Strike
Dave Watkins steals 2nd base
0-1: Called Strike
0-2: Ground out 6-3 (Groundball, 6)
Dave Watkins to third
Batting: SHB Woody Stanley 0-0: Foul Ball, location: 2F
0-1: Foul Ball, location: 2F
0-2: Ball
1-2: Foul Ball, location: 2F
1-2: Ground out 4-3 (Groundball, 4MS)
Top of the 6th over - 0 run(s), 1 hit(s), 0 error(s), 1 left on base; Rutgers 0 - Michigan State 6
BOTTOM OF THE 6TH
Michigan State Spartans batting - Pitching for Rutgers Scarlet Knights : RHP Billy Corbett
Batting: RHB Scott Juárez 0-0: Ball
1-0: Ball
2-0: Foul Ball, location: 2F
2-1: Called Strike
2-2: Ground out 4-3 (Groundball, 4)
Batting: RHB Spike Walters 0-0: Called Strike
0-1: SINGLE (Line Drive, 89M)
Batting: SHB Joe Emery 0-0: Called Strike
0-1: Ball
1-1: Ball
2-1: Ball
3-1: Base on Balls
Spike Walters to second
Batting: LHB Cliff Mills 0-0: Called Strike
0-1: Foul Ball, location: 2F
0-2: Ball
1-2: Fielders Choice at 2nd, 6-4 (Groundball, 56)
Spike Walters to third
Batting: RHB Ryan Nelson 0-0: Fielders Choice at 2nd, 6-4 (Groundball, 6)
Bottom of the 6th over - 0 run(s), 1 hit(s), 0 error(s), 1 left on base; Rutgers 0 - Michigan State 6
TOP OF THE 7TH
Rutgers Scarlet Knights batting - Pitching for Michigan State Spartans : RHP Dan Clark
Batting: LHB Carlos Hernández 0-0: Foul Ball, location: 2F
0-1: Ball
1-1: Called Strike
1-2: Foul Ball, location: 2F
1-2: Strikes out swinging
Batting: RHB Howard Battle 0-0: Called Strike
0-1: Swinging Strike
0-2: Ball
1-2: Strikes out looking
Batting: RHB Jesús León 0-0: Swinging Strike
0-1: Swinging Strike
0-2: Ball
1-2: Ball
2-2: Fly out, F6 (Line Drive, 6M)
Top of the 7th over - 0 run(s), 0 hit(s), 0 error(s), 0 left on base; Rutgers 0 - Michigan State 6
BOTTOM OF THE 7TH
Michigan State Spartans batting - Pitching for Rutgers Scarlet Knights : RHP Billy Corbett
Pitching: LHP Rubén De La Garza
Batting: LHB Gabriel Estrada 0-0: Foul Ball, location: 2F
0-1: DOUBLE (Line Drive, 89M)
Batting: RHB Ryan Fullerton 0-0: Called Strike
0-1: Ground out 5-3 (Groundball, 56S)
Gabriel Estrada to third
Batting: RHB Nelson Wright 0-0: Foul Ball, location: 2F
0-1: Ball
1-1: Swinging Strike
1-2: Fly out, F7 (Flyball, 7LM)
Runner from 3rd tags up, SCORES, no throw
Batting: LHB Aaron Aguirre 0-0: Called Strike
0-1: Ball
1-1: Swinging Strike
1-2: Strikes out swinging
Bottom of the 7th over - 1 run(s), 1 hit(s), 0 error(s), 0 left on base; Rutgers 0 - Michigan State 7
TOP OF THE 8TH
Rutgers Scarlet Knights batting - Pitching for Michigan State Spartans : RHP Dan Clark
Now at 3B: Bennett McGee
Batting: RHB Norm Gunn 0-0: Ball
1-0: Foul Ball, location: 2F
1-1: Ball
2-1: Ball
3-1: Swinging Strike
3-2: Base on Balls
Batting: RHB Eric Green 0-0: Foul Ball, location: 2F
0-1: Ball
1-1: Swinging Strike
1-2: Ball
2-2: Ball
3-2: Base on Balls
Norm Gunn to second
Batting: LHB Ryan Washington 0-0: Ball
1-0: Ball
2-0: Ball
3-0: Called Strike
3-1: Foul Ball, location: 2F
3-2: Base on Balls
Norm Gunn to third
Eric Green to second
Batting: LHB Dave Watkins 0-0: Ball
1-0: Called Strike
1-1: Foul Ball, location: 2F
1-2: Strikes out swinging
Batting: RHB Joe Roberts 0-0: Ball
1-0: Ball
2-0: Foul Ball, location: 2F
2-1: DOUBLE (Flyball, 89D)
Norm Gunn scores
Eric Green scores
Ryan Washington to third
Pitching: RHP Nathaniel Reynolds
Batting: SHB Woody Stanley 0-0: Ball
1-0: Foul Ball, location: 2F
1-1: Ball
2-1: Foul Ball, location: 2F
2-2: Foul Ball, location: 2F
2-2: Ball
3-2: Fly out, F2 (Popup, 25)
Batting: LHB Carlos Hernández 0-0: Ball
Wild Pitch!
Ryan Washington scores
Joe Roberts to third
1-0: Foul Ball, location: 2F
1-1: Fly out, F7 (Flyball, 78D)
Top of the 8th over - 3 run(s), 1 hit(s), 0 error(s), 1 left on base; Rutgers 3 - Michigan State 7
BOTTOM OF THE 8TH
Michigan State Spartans batting - Pitching for Rutgers Scarlet Knights : LHP Rubén De La Garza
Batting: RHB Scott Juárez 0-0: Called Strike
0-1: Ball
1-1: Fly out, F9 (Flyball, 9S)
Batting: RHB Spike Walters 0-0: SINGLE (Groundball, 4MD)
Batting: SHB Joe Emery 0-0: Ball
1-0: Called Strike
1-1: Ball
2-1: Foul Ball, location: 2F
2-2: Foul Ball, location: 2F
2-2: Ball
3-2: Strikes out swinging
Batting: LHB Cliff Mills 0-0: Swinging Strike
0-1: Called Strike
0-2: Ball
1-2: Strikes out looking
Bottom of the 8th over - 0 run(s), 1 hit(s), 0 error(s), 1 left on base; Rutgers 3 - Michigan State 7
TOP OF THE 9TH
Rutgers Scarlet Knights batting - Pitching for Michigan State Spartans : RHP Nathaniel Reynolds
Batting: RHB Howard Battle 0-0: Foul Ball, location: 2F
0-1: Ball
1-1: SINGLE (Line Drive, 8LS)
Batting: RHB Jesús León 0-0: Foul Ball, location: 2F
0-1: Ball
1-1: Swinging Strike
1-2: DOUBLE (Line Drive, 89M)
Howard Battle to third
Pitching: RHP Rocky Murphy
Batting: RHB Norm Gunn 0-0: Ball
1-0: Ball
2-0: SINGLE (Flyball, 8LS)
Howard Battle scores
Jesús León to third
Batting: RHB Eric Green 0-0: Ball
1-0: Ball
2-0: Called Strike
2-1: Ball
3-1: Foul Ball, location: 2F
3-2: Base on Balls
Norm Gunn to second
Batting: LHB Ryan Washington 0-0: Swinging Strike
0-1: Ball
1-1: Swinging Strike
1-2: Strikes out swinging
Batting: LHB Dave Watkins 0-0: Ball
1-0: Called Strike
1-1: Called Strike
1-2: GRAND SLAM HOME RUN (Flyball, 89XD), Distance : 363 ft
Pitching: LHP Chris Bishop
Batting: RHB Joe Roberts 0-0: Ball
1-0: Called Strike
1-1: Ball
2-1: Ground out 4-3 (Groundball, 4)
Batting: SHB Woody Stanley 0-0: Ball
1-0: Foul Ball, location: 2F
1-1: Ground out U3 (Groundball, 3)
Top of the 9th over - 5 run(s), 4 hit(s), 0 error(s), 0 left on base; Rutgers 8 - Michigan State 7
BOTTOM OF THE 9TH
Michigan State Spartans batting - Pitching for Rutgers Scarlet Knights : LHP Rubén De La Garza
Pitching: RHP Bob Hall
Now at 1B: Bill Shaffer
Batting: RHB Ryan Nelson 0-0: Fly out, F9 (Flyball, 9LS)
Batting: LHB Gabriel Estrada 0-0: Called Strike
0-1: Foul Ball, location: 2F
0-2: Ball
1-2: Ball
2-2: Ball
3-2: Foul Ball, location: 2F
3-2: Base on Balls
Batting: RHB Bennett McGee 0-0: Foul Ball, location: 2F
0-1: Ball
1-1: Ball
2-1: Foul Ball, location: 2F
2-2: Foul Ball, location: 2F
2-2: Foul Ball, location: 2F
2-2: Ball
3-2: Foul Ball, location: 2F
3-2: Grounds into double play, 1-6-3 (Groundball, 13S)
Bottom of the 9th over - 0 run(s), 0 hit(s), 0 error(s), 0 left on base; Rutgers 8 - Michigan State 7
Thursday, March 30th, 2017 - OOTP Baseball 17.12 Build 75